 Dungeon Crawl Stone Soup version 0.29-a0-359-g541a27f54d (webtiles) character file.

Game seed: 11130229390533859467

6 spaghetti the Caller (level 1, 7/8 HPs)
             Began as a Felid Summoner on Apr 27, 2022.
             Quit the game on level 1 of the Dungeon.
             The game lasted 00:00:42 (232 turns).

spaghetti the Caller (Felid Summoner)                Turns: 232, Time: 00:00:42

Health: 7/8        AC:  1    Str:  4    XL:     1   Next: 75%
Magic:  2/4        EV: 14    Int: 16    God:
Gold:   8          SH:  0    Dex: 16    Spells: 3/4 levels left
                                        Lives:  0   Deaths: 0

rFire   . . .      SeeInvis +   (weapon unavailable)
rCold   . . .      Faith    .   (shield unavailable)
rNeg    . . .      Spirit   .   (body armour unavailable)
rPois   .          Reflect  .   (helmet unavailable)
rElec   .          Harm     .   (cloak unavailable)
rCorr   .          Rampage  .   (gloves unavailable)
Will    .....                   (boots unavailable)
Stlth   ++........              (no amulet)
HPRegen 0.02/turn               (no ring)
MPRegen 0.09/turn               (no ring)

@: constricted, quick
A: very small, claws 1, fangs 3, see invisible, speed 1, shaggy fur 1, stealthy
paws, no weapons or thrown items, no armour, multi-lived
a: no special abilities


You were on level 1 of the Dungeon.
You visited 1 branch of the dungeon, and saw 1 of its levels.

You collected 8 gold pieces.


Innate Abilities, Weirdness & Mutations

You have sharp claws.
You have razor-sharp teeth.
You have supernaturally acute eyesight. (SInv)
You cover ground quickly. (Speed+)
You are covered in fur. (AC +1)
Your paws help you pounce on unaware monsters.
You are incapable of wielding weapons or throwing items.
You cannot wear armour.
You gain extra lives every three experience levels.


   Skills:
 + Level 0.3 Fighting
 + Level 2.8 Dodging
 + Level 2.9 Stealth
 + Level 2.1 Spellcasting
 + Level 4.0 Summonings


You had 3 spell levels left.
You knew the following spells:

 Your Spells              Type           Power      Damage    Failure   Level
a - Summon Small Mammal   Summ           56%        N/A       3%          1

Your spell library contained the following spells:

 Spells                   Type           Power      Damage    Failure   Level
 Call Imp                 Summ           14%        N/A       6%          2
 Call Canine Familiar     Summ           14%        N/A       12%         3
 Summon Guardian Golem    Hex/Summ       8%         N/A       26%         3
 Summon Lightning Spire   Summ/Air       8%         N/A       65%         4

Inventory:

Potions
 a - a potion of magic

Dungeon Overview and Level Annotations

Branches:
Dungeon (1/15)

Altars:

.'.....######.#.##
.#.....โ€ ......#..
ยง#.........##.#.######
......####............
#####.####.>##....##
................#..
#####.#####.##..#.# #.#
#.##.r#S##.### #####.#
#.##.r@r[.!?.. ......#
#.##..###.##.# #######
#.##... #.##....
#.##.### #.##. #. #.


You could see a ball python, a rat (ally target), a friendly quokka (summoned)
and a friendly rat (summoned).


Message History

Your bat barely misses the rat.
Your quokka bites the rat.
The rat dies!
You start resting. ๐Ÿ˜Ž MP[+1]
Your mp is fully restored (4).
You can't go up here!
Okay, then.
You open the door.
There is an open door here.
Your bat disappears in a puff of smoke!
A hobgoblin comes into view.
A hobgoblin is nearby!
A hobgoblin is nearby!
A hobgoblin is nearby!
Your quokka disappears in a puff of smoke!
A kobold comes into view. It is wielding a +0 club.
The helpless hobgoblin fails to defend itself.
You claw the hobgoblin!
You kill the hobgoblin!
The kobold shouts!
The kobold completely misses you.
You scratch the kobold. The kobold barely misses you.
You scratch the kobold.
You kill the kobold!
No target in view!
No target in view!
No target in view!
No target in view!
No target in view!
No target in view!
No target in view!
No target in view!
You see here a +0 club {mace}.
Key pressed, stopping explore.
Key pressed, stopping explore.
A giant cockroach comes into view.
A giant cockroach is nearby!
You scratch the giant cockroach.
The giant cockroach bites you. ๐Ÿ˜• HP[-1]
You take 1 damage, and now have 6/7 hp.
You are too injured to fight recklessly!
You are too injured to fight recklessly!
You are too injured to fight recklessly!
You are too injured to fight recklessly!
You are too injured to fight recklessly!
You are too injured to fight recklessly!
You are too injured to fight recklessly!
You are too injured to fight recklessly!
Casting: Summon Small Mammal (safe; 4% risk of failure)
Confirm with . or Enter, or press ? or * to list all spells.
The giant cockroach closely misses you. ๐Ÿ˜• MP[-1]
You lost 1 mp, and now have 3/4 mp.
Casting: Summon Small Mammal (safe; 4% risk of failure)
Confirm with . or Enter, or press ? or * to list all spells.
The giant cockroach misses you.
Your rat barely misses the giant cockroach. ๐Ÿ˜• MP[-1]
You lost 1 mp, and now have 2/4 mp.
You closely miss the giant cockroach. The giant cockroach bites you.
Your rat bites the giant cockroach.
The giant cockroach dies! ๐Ÿ˜ฎ HP[-1]
You take 1 damage, and now have 5/7 hp.
Your rat disappears in a puff of smoke!
Your quokka disappears in a puff of smoke!
Key pressed, stopping explore.
A rat comes into view. ๐Ÿ˜Ž HP[+2] MP[+2]
Your hp is fully restored (7).
Your mp is fully restored (4).
A rat is nearby!
A rat is nearby!
A rat is nearby!
A rat comes into view.
The helpless rat fails to defend itself.
You scratch the rat.
You kill the rat! ๐Ÿ˜Ž HP[+1]
You now have 8 max hp (+1).
Your hp is fully restored (8).
A ball python comes into view.
You see here a rat corpse.
Casting: Summon Small Mammal (safe; 3% risk of failure)
Confirm with . or Enter, or press ? or * to list all spells.
The rat barely misses you. ๐Ÿ˜Ž MP[-1]
You lost 1 mp, and now have 3/4 mp.
Casting: Summon Small Mammal (safe; 3% risk of failure)
Confirm with . or Enter, or press ? or * to list all spells.
The ball python hisses angrily.
The rat misses you. ๐Ÿ˜Ž MP[-1]
You lost 1 mp, and now have 2/4 mp.
You closely miss the rat. The rat barely misses you.
You scratch the rat. Your claw misses the rat. The rat misses you.
The ball python misses you. The ball python grabs you.
The ball python constricts you. ๐Ÿ˜• HP[-1]
You take 1 damage, and now have 7/8 hp.
Are you sure you want to abandon this character and quit the game? (Confirm with "yes".)

Action                   || total
-------------------------++-------
Melee: Unarmed           ||     8
 Cast: Summon Small Mamm ||     6
 Stab: Sleeping          ||     2
Dodge: Dodged            ||     9

Levels and vault maps discovered:
D:1:      dpeg_arrival_round_c, layout_basic, hellmonk_ecumenical_altar_run_dry,
          minmay_misc_feat_square, minmay_tromino_mix6

Notes
Turn   | Place    | Note
-------+----------+-------------------------------------------
     0 | D:1      | spaghetti the Felid Summoner began the quest for the Orb.
     0 | D:1      | Reached XP level 1. HP: 7/7 MP: 4/4
     0 | D:1      | magus.rc [v1.9.6]
   232 | D:1      | Quit the game

Vanquished Creatures
  A hobgoblin (D:1)
  A kobold (D:1)
  A rat (D:1)
3 creatures vanquished.

Vanquished Creatures (collateral kills)
  A ball python (D:1)
  A giant cockroach (D:1)
  A rat (D:1)
3 creatures vanquished.

Grand Total: 6 creatures vanquished

Table legend:
 A = Non-vault XP
 B = Vault XP
 C = Vault XP percentage of total XP
 D = Non-vault monster count
 E = Vault monster count
 F = Vault count percentage of total count
                 A         B        C        D         E       F
            +---------+---------+-------+---------+---------+-------
      Total |       8 |       1 |  11.1 |       5 |       1 |  16.7
            +---------+---------+-------+---------+---------+-------
        D:1 |       8 |       1 |  11.1 |       5 |       1 |  16.7
            +---------+---------+-------+---------+---------+-------

Illustrated notes

Table legend:
 A = Kills in this place as a percentage of kills in entire the game.
 B = Kills by you in this place as a percentage of kills by you in the entire game.
 C = Kills by friends in this place as a percentage of kills by friends in the entire game.
 D = Other kills in this place as a percentage of other kills in the entire game.
 E = Experience gained in this place as a percentage of experience gained in the entire game.
 F = Experience gained in this place divided by the number of levels of this place that you have seen.
                   A       B       C       D       E      F
               +-------+-------+-------+-------+-------+----------------------
         Total | 100.0 | 100.0 | 100.0 |   N/A | 100.0 |   9.0
       Dungeon | 100.0 | 100.0 | 100.0 |   N/A | 100.0 |   9.0
               +-------+-------+-------+-------+-------+----------------------

Table legend: (Time is in decaauts)
 A = Elapsed time spent in this place.
 B = Non-inter-level travel time spent in this place.
 C = Inter-level travel time spent in this place.
 D = Time resting spent in this place.
 E = Time spent auto-exploring this place.
 F = Levels seen in this place.
 G = Mean time per level.
                   A        B        C        D        E       F      G
               +--------+--------+--------+--------+--------+-----+--------+
         Total |    210 |    210 |      0 |     10 |    160 |   1 |  210.0 |
       Dungeon |    210 |    210 |      0 |     10 |    160 |   1 |  210.0 |
               +--------+--------+--------+--------+--------+-----+--------+

Top non-repeatable levels by time:
     D:1: 210 daAuts
